 Dungeon Crawl Stone Soup version 0.29-a0-222-g5b244fca1f (webtiles) character file.

Game seed: 4290683555632215337

9975 domi the Destroyer (level 11, 0/81 HPs)
             Began as a Demonspawn Hedge Wizard on Feb 27, 2022.
             Was an Initiate of Gozag.
             Slain by a vampire mosquito (2 damage)
             ... on level 10 of the Dungeon.
             The game lasted 00:45:16 (14116 turns).

domi the Destroyer (Demonspawn Hedge Wizard)       Turns: 14116, Time: 00:45:17

Health: 0/81       AC:  4    Str: 11    XL:     11   Next: 30%
Magic:  0/24       EV: 12    Int: 20    God:    Gozag
Gold:   1096       SH:  0    Dex: 12    Spells: 18/28 levels left

rFire   + . .      SeeInvis .   E - +1 short sword (elec)
rCold   + . .      Faith    .   (no shield)
rNeg    + . .      Spirit   +   k - +2 robe {rN+}
rPois   +          Reflect  .   (helmet restricted)
rElec   .          Harm     .   L - scarf {rC+ rF+}
rCorr   .          Rampage  .   (no gloves)
Will    .....                   (no boots)
Stlth   ++........              (no amulet)
HPRegen 0.23/turn               q - ring of poison resistance {rPois}
MPRegen 0.38/turn               n - ring of wizardry {Wiz+}

@: no status effects
A: antennae 1, foul stench 1, magic shield, magic regeneration, magic link,
weakness stinger 2, demonic touch 1
a: Renounce Religion, Potion Petition, Call Merchant, Bribe Branch


You were on level 10 of the Dungeon.
You worshipped Gozag.
Gozag was most pleased with you.
You visited 2 branches of the dungeon, and saw 11 of its levels.
You also visited: Sewer.

You collected 1163 gold pieces.
You paid 67 gold pieces to Gozag.

Inventory:

Hand Weapons
 a - a +0 dagger
 f - a +2 vorpal hand axe
   (You found it on level 1 of the Dungeon)
 E - a +1 short sword of electrocution (weapon)
   (You found it on level 6 of the Dungeon)
Missiles
 z - 4 javelins (quivered)
 M - 6 datura-tipped darts
Armour
 k - a +2 robe of positive energy (worn)
   (You took it off Blork the orc on level 5 of the Dungeon)
 m - a +1 helmet
   (You found it on level 3 of the Dungeon)
 I - a +0 cloak
   (You found it on level 7 of the Dungeon)
 J - a +1 helmet of intelligence
   (You found it on level 7 of the Dungeon)
 L - a scarf of resistance (worn)
   (You found it on level 8 of the Dungeon)
Magical Staves
 i - a staff of fire {rF+}
   (You took it off an orc on level 4 of the Dungeon)
Jewellery
 b - a +6 ring of dexterity
   (You found it on level 7 of the Dungeon)
 c - a ring of see invisible {sInv}
   (You found it on level 7 of the Dungeon)
 d - a ring of positive energy {rN+}
   (You found it on level 1 of the Dungeon)
 n - a ring of wizardry (right hand) {Wiz+}
   (You found it on level 3 of the Dungeon)
 q - a ring of poison resistance (left hand) {rPois}
   (You found it on level 4 of the Dungeon)
 s - a ring of flight {+Fly, !d}
   (You found it on level 5 of the Dungeon)
 t - a ring of willpower
   (You found it on level 5 of the Dungeon)
 w - a ring of fire {rF+, rC-}
   (You took it off a centaur on level 5 of the Dungeon)
Wands
 v - a wand of digging (3)
   (You took it off a centaur on level 5 of the Dungeon)
 y - a wand of flame (37)
   (You took it off Grinder on level 5 of the Dungeon)
 N - a wand of acid (7)
   (You found it on level 8 of the Dungeon)
Scrolls
 e - a scroll of brand weapon {unknown}
 r - 6 scrolls of identify {@r1}
 C - a scroll of acquirement {unknown}
 D - a scroll of magic mapping {unknown}
 H - 2 scrolls of silence {unknown}
 K - 2 scrolls of immolation {unknown}
Potions
 g - 2 potions of magic {unknown}
 h - a potion of attraction {unknown}
 j - a potion of cancellation
 l - a potion of brilliance {unknown}
 o - 2 potions of might {unknown}
 p - a potion of ambrosia {!q}
 u - a potion of flight {unknown}
 x - 3 potions of curing {@q1}
 A - a potion of lignification {unknown}
 B - a potion of mutation {unknown}
Miscellaneous
 F - a piece from Xom's chessboard (15/15)
   (You found it on level 10 of the Dungeon)


   Skills:
 + Level 5.9 Fighting
 - Level 1.7 Dodging
 - Level 1.7 Stealth
 + Level 9.1 Spellcasting
 - Level 10.0 Conjurations
 - Level 5.0 Summonings
 - Level 0.8 Translocations
 * Level 3.5 Fire Magic
 - Level 5.0 Air Magic
 - Level 5.0 Poison Magic


You had 18 spell levels left.
You knew the following spells:

 Your Spells              Type           Power      Damage    Failure   Level
b - Blink                 Tloc           24%        N/A       3%          2
c - Mephitic Cloud        Conj/Pois/Air  35%        N/A       1%          3
x - Call Imp              Summ           29%        N/A       1%          2
y - Scorch                Fire           46%        2d7       1%          2
z - Magic Dart            Conj           100%       1d8       1%          1

Your spell library contained the following spells:

 Spells                   Type           Power      Damage    Failure   Level
 Conjure Flame            Conj/Fire      36%        6-21      1%          3
 Dazzling Flash           Conj/Hex       58%        N/A       1%          3
 Flame Wave               Conj/Fire      36%        2d9       1%          4
 Apportation              Tloc           24%        N/A       2%          1
 Slow                     Hex            36%        N/A       3%          1
 Summon Guardian Golem    Hex/Summ       19%        N/A       3%          3
 Olgreb's Toxic Radiance  Pois           29%        N/A       4%          4
 Gell's Gravitas          Tloc           12%        N/A       6%          3
 Lesser Beckoning         Tloc           12%        N/A       6%          3
 Teleport Other           Tloc           12%        N/A       6%          3
 Confusing Touch          Hex            9%         N/A       9%          3
 Vampiric Draining        Necr           9%         2d6       9%          3
 Alistair's Intoxication  Tmut/Pois      12%        N/A       28%         5
 Silence                  Hex/Air        9%         N/A       28%         5
 Orb of Destruction       Conj           24%        9d9       38%         7
 Summon Cactus Giant      Summ           14%        N/A       50%         6
 Agony                    Necr           9%         N/A       61%         5
 Spellforged Servitor     Conj/Summ      19%        N/A       71%         7
 Dispersal                Tloc           6%         N/A       96%         6
 Ozocubu's Refrigeration  Ice            4%         4d5       100%        7
 Ignition                 Fire           11%        3d5       100%        8
 Chain Lightning          Conj/Air       19%        3d26      100%        9
 Fire Storm               Conj/Fire      18%        8d5       100%        9
 Shatter                  Erth           4%         3d8*      100%        9


Dungeon Overview and Level Annotations

Branches:
Dungeon (10/15)            Temple (1/1) D:6            Lair (0/6) D:8
  Sewer (visited)
    Orc: D:9-12

Altars:
Ashenzari
Cheibriados
Dithmenos
Elyvilon
Fedhas
Gozag
Hepliaklqana
Makhleb
Nemelex Xobeh
Okawaru
Qazlal
Ru
Sif Muna
Trog
Uskayaw
Vehumet
Wu Jian
Xom
Yredelemnul
Zin
The Shining One

Shops:
D:6 (

Annotations:
D:2 Terence
D:9 Joseph, Pikel


Innate Abilities, Weirdness & Mutations

You have a pair of small antennae on your head.
You may rarely emit foul miasma when damaged in melee.
When hurt, damage is shared between your health and your magic reserves.
You regenerate magic rapidly.
When low on magic, you restore magic in place of health.
You have a tail ending in a sharp stinger.
Your touch may inflict minor irresistible damage on your foes.


Message History

Aim: a vampire mosquito (lightly damaged, 100% to hit)
The magic dart hits the vampire mosquito.
The vampire mosquito is distracted by your dazzling golden aura.
You now have 14/24 mp.
Aim: a vampire mosquito (lightly damaged, unaware, hasn't noticed you, 100% to hit)
The magic dart hits the vampire mosquito.
The vampire mosquito is no longer distracted by gold.
The vampire mosquito misses you. The vampire mosquito bites you.
The vampire mosquito draws strength from your injuries!
You take 5 damage, and have 66/81 hp.
You now have 13/24 mp.
Aim: a vampire mosquito (lightly damaged, 100% to hit)
The magic dart hits the vampire mosquito.
The vampire mosquito bites you.
You take 1 damage, and have 65/81 hp.
You now have 12/24 mp.
Aim: a vampire mosquito (lightly damaged, 100% to hit)
The magic dart hits the vampire mosquito but does no damage.
The vampire mosquito closely misses you.
The vampire mosquito bites you.
The vampire mosquito draws strength from your injuries!
You take 3 damage, and have 62/81 hp.
You now have 11/24 mp.
Aim: a vampire mosquito (lightly damaged, 100% to hit)
The magic dart hits the vampire mosquito.
The vampire mosquito bites you.
The vampire mosquito draws strength from your injuries!
The vampire mosquito misses you.
You take 4 damage, and have 58/81 hp.
You now have 10/24 mp.
Aim: a vampire mosquito (moderately damaged, 100% to hit)
The magic dart hits the vampire mosquito.
The vampire mosquito barely misses you. The vampire mosquito bites you.
The vampire mosquito draws strength from your injuries!
You take 5 damage, and have 53/81 hp.
You now have 9/24 mp.
Aim: a vampire mosquito (moderately damaged, 100% to hit)
The magic dart hits the vampire mosquito.
The vampire mosquito bites you!
The vampire mosquito draws strength from your injuries!
The vampire mosquito bites you!
The vampire mosquito draws strength from your injuries!
You take 14 damage, and have 39/81 hp.
You now have 7/24 mp.
Aim: a vampire mosquito (moderately damaged, 100% to hit)
The magic dart hits the vampire mosquito but does no damage.
The vampire mosquito misses you.
The vampire mosquito bites you but does no damage.
Aim: a vampire mosquito (lightly damaged, 100% to hit)
The magic dart hits the vampire mosquito.
The vampire mosquito barely misses you.
The vampire mosquito bites you but does no damage.
You now have 6/24 mp.
Aim: a vampire mosquito (moderately damaged, 100% to hit)
The magic dart hits the vampire mosquito.
The vampire mosquito bites you but does no damage.
The vampire mosquito misses you.
Aim: a vampire mosquito (heavily damaged, 100% to hit)
The magic dart hits the vampire mosquito!
The vampire mosquito bites you but does no damage.
The vampire mosquito bites you.
The vampire mosquito draws strength from your injuries!
You take 4 damage, and have 35/81 hp.
You now have 5/24 mp.
Aim: a vampire mosquito (severely damaged, 100% to hit)
The magic dart hits the vampire mosquito.
The vampire mosquito bites you.
The vampire mosquito draws strength from your injuries!
The vampire mosquito barely misses you.
You take 4 damage, and have 31/81 hp.
You now have 3/24 mp.
Aim: a vampire mosquito (severely damaged, 100% to hit)
The magic dart hits the vampire mosquito.
The vampire mosquito bites you!
* * * LOW HITPOINT WARNING * * *
The vampire mosquito draws strength from your injuries!
You take 8 damage, and have 23/81 hp.
Aim: a vampire mosquito (almost destroyed, 100% to hit)
The magic dart hits the vampire mosquito but does no damage.
The vampire mosquito barely misses you. The vampire mosquito bites you!
* * * LOW HITPOINT WARNING * * *
The vampire mosquito draws strength from your injuries!
You take 6 damage, and have 17/81 hp.
You now have 1/24 mp.
Aim: a vampire mosquito (severely damaged, 100% to hit)
The magic dart hits the vampire mosquito.
The vampire mosquito barely misses you. The vampire mosquito bites you!
* * * LOW HITPOINT WARNING * * *
The vampire mosquito draws strength from your injuries!
You take 7 damage, and have 10/81 hp.
You feel better. The vampire mosquito bites you.
* * * LOW HITPOINT WARNING * * *
The vampire mosquito draws strength from your injuries!
The vampire mosquito barely misses you.
You regained 2 hp, and now have 12/81 hp.
You now have 0/24 mp.
You barely miss the vampire mosquito. Your touch misses the vampire mosquito.
The vampire mosquito completely misses you.
The vampire mosquito bites you!
* * * LOW HITPOINT WARNING * * *
The vampire mosquito draws strength from your injuries!
You emit a cloud of foul miasma!
You take 9 damage, and have 3/81 hp.
You hit the vampire mosquito but do no damage.
Your touch misses the vampire mosquito. The vampire mosquito bites you.
* * * LOW HITPOINT WARNING * * *
The vampire mosquito bites you.
You die...
Your body crumbles into a pile of gold.

#......# #.
+....#.# ..
#......###.#
#..........##.
#.......#.....
#...........#
#.....y...#.#$
#.....@.....#
######'#......
#.#####.#
#..### ##...#
###.#
############)##
#.............#
#.....).......#


You could see a vampire mosquito.

Vanquished Creatures
  A two-headed ogre (D:10)
  3 death yaks
  Maurice (D:8)
  A troll (D:10)
  A hornet (D:9)
  Grinder (D:5)
  15 yaks
  A wyvern (D:8)
  2 vampire mosquitoes (D:10)
  A water moccasin (D:7)
  An ice beast (D:8)
  A sky beast (D:6)
  3 black bears
  2 orc warriors
  5 ogres
  2 centaurs
  3 phantoms
  2 kobold brigands
  Blork the orc (D:5)
  3 bullfrogs
  3 scorpions (D:6)
  A gnoll sergeant (D:6)
  6 killer bees
  5 howler monkeys
  7 wights
  5 jellies
  2 hounds
  2 orc priests (D:7)
  2 iguanas (D:6)
  Ijyb (D:3)
  7 orc wizards
  14 adders
  8 gnolls
  3 river rats (Sewer)
  2 white imps (D:7)
  2 ufetubi
  6 worms
  3 dart slugs
  21 orcs
  18 endoplasms
  4 giant cockroaches
  7 goblins
  6 hobgoblins
  9 jackals
  19 kobolds
  6 quokkas
  10 ball pythons
  8 bats
  9 frilled lizards
  7 rats
253 creatures vanquished.

Vanquished Creatures (collateral kills)
  An orc warrior (D:7)
  4 howler monkeys (D:7)
  A gnoll (D:3)
  An adder (D:2)
  A worm (D:2)
  2 endoplasms (D:2)
  A ball python (D:2)
  A frilled lizard (D:2)
  A kobold (D:2)
13 creatures vanquished.

Vanquished Creatures (others)
  A killer bee (D:7)
  5 fungi (D:2)
  16 plants
  7 toadstools (D:2)
29 creatures vanquished.

Grand Total: 295 creatures vanquished

Notes
Turn   | Place    | Note
-------+----------+-------------------------------------------
     0 | D:1      | domi the Demonspawn Hedge Wizard began the quest for the
                  | Orb.
     0 | D:1      | Reached XP level 1. HP: 13/13 MP: 4/4
   115 | D:1      | Found a faded altar of an unknown god.
   284 | D:1      | Gained mutation: You regenerate magic rapidly. [demonic
                  | ancestry]
   284 | D:1      | Reached XP level 2. HP: 19/19 MP: 3/6
   415 | D:1      | Reached skill level 2 in Conjurations
   745 | D:1      | Learned a level 2 spell: Call Imp
   748 | D:1      | Learned a level 2 spell: Blink
   876 | D:1      | Discovered your monstrous ancestry.
   876 | D:1      | Gained mutation: Your touch may inflict minor irresistible
                  | damage on your foes. [demonic ancestry]
   876 | D:1      | Reached XP level 3. HP: 24/24 MP: 0/7
  1270 | D:2      | Learned a level 3 spell: Mephitic Cloud
  1574 | D:2      | HP: 3/24 [adder (5)]
  1579 | D:2      | Reached skill level 3 in Conjurations
  2074 | D:2      | Gained mutation: You have a small tail. [demonic ancestry]
  2074 | D:2      | Reached XP level 4. HP: 30/30 MP: 3/9
  2649 | D:2      | Reached skill level 2 in Summonings
  2649 | D:2      | Gained mutation: You may rarely emit foul miasma when
                  | damaged in melee. [demonic ancestry]
  2649 | D:2      | Reached XP level 5. HP: 35/35 MP: 3/10
  2886 | D:2      | Noticed Terence
  3663 | D:3      | Reached skill level 4 in Conjurations
  4236 | D:3      | Noticed Ijyb
  4245 | D:3      | Killed Ijyb
  4246 | D:3      | Reached skill level 4 in Spellcasting
  4598 | D:3      | Noticed an ogre
  4613 | D:3      | Killed an ogre
  4614 | D:3      | Reached skill level 1 in Air Magic
  4614 | D:3      | Reached skill level 1 in Poison Magic
  4614 | D:3      | Reached XP level 6. HP: 41/41 MP: 4/12
  5192 | D:4      | Reached skill level 5 in Conjurations
  5192 | D:4      | Reached skill level 3 in Summonings
  5192 | D:4      | Gained mutation: When hurt, damage is shared between your
                  | health and your magic reserves. [demonic ancestry]
  5192 | D:4      | Reached XP level 7. HP: 30/46 MP: 3/13
  5319 | D:4      | Reached skill level 2 in Poison Magic
  5603 | D:4      | Reached skill level 2 in Air Magic
  6032 | D:5      | Entered Level 5 of the Dungeon
  6431 | D:5      | Reached skill level 3 in Poison Magic
  6544 | D:5      | Reached skill level 4 in Summonings
  6665 | D:5      | Noticed Blork the orc
  6689 | D:5      | Killed Blork the orc
  6690 | D:5      | Reached skill level 5 in Spellcasting
  6690 | D:5      | Gained mutation: You have a tail ending in a sharp stinger.
                  | [demonic ancestry]
  6690 | D:5      | Reached XP level 8. HP: 52/52 MP: 3/15
  6694 | D:5      | Reached skill level 3 in Air Magic
  7018 | D:5      | Noticed Grinder
  7021 | D:5      | Paralysed by Grinder for 6 turns
  7035 | D:5      | Killed Grinder
  7036 | D:5      | Reached skill level 4 in Poison Magic
  7400 | D:6      | Found a glowing drain.
  7412 | Sewer    | Entered a sewer
  7463 | Sewer    | Reached skill level 5 in Summonings
  7702 | Sewer    | Reached skill level 4 in Air Magic
  8131 | D:6      | Reached skill level 6 in Spellcasting
  8294 | D:6      | Found a staircase to the Ecumenical Temple.
  8376 | D:6      | Reached skill level 5 in Poison Magic
  8376 | D:6      | Reached XP level 9. HP: 54/57 MP: 15/18
  8412 | Temple   | Entered the Ecumenical Temple
  8620 | Temple   | Became a worshipper of Gozag Ym Sagoz the Greedy
  8682 | D:6      | Found Amas's Weapon Boutique.
  9017 | D:6      | Reached skill level 5 in Air Magic
  9063 | D:6      | HP: 9/57 [wight/+0 morningstar (9)]
  9353 | D:6      | Reached skill level 7 in Spellcasting
 10143 | D:7      | Reached skill level 1 in Fighting
 10361 | D:7      | Reached skill level 2 in Fighting
 10361 | D:7      | Reached skill level 6 in Conjurations
 10849 | D:8      | Noticed a death yak
 10864 | D:7      | Reached skill level 3 in Fighting
 10985 | D:8      | Noticed Maurice
 10988 | D:8      | Noticed a death yak
 10994 | D:8      | Reached skill level 7 in Conjurations
 10994 | D:8      | Noticed a death yak
 11265 | D:8      | Killed Maurice
 11266 | D:8      | Gained mutation: When low on magic, you restore magic in
                  | place of health. [demonic ancestry]
 11266 | D:8      | Reached XP level 10. HP: 70/70 MP: 13/21
 11267 | D:8      | Killed a death yak
 11268 | D:8      | Reached skill level 8 in Spellcasting
 11268 | D:8      | Killed a death yak
 11269 | D:8      | Reached skill level 4 in Fighting
 11269 | D:8      | Reached skill level 8 in Conjurations
 11286 | D:7      | Killed a death yak
 11690 | D:8      | Reached skill level 5 in Fighting
 11690 | D:8      | Reached skill level 9 in Conjurations
 11851 | D:8      | Found a staircase to the Lair.
 12043 | D:8      | Learned a level 2 spell: Scorch
 12145 | D:8      | Reached skill level 1 in Fire Magic
 12169 | D:8      | HP: 18/74 [yak (6)]
 12829 | D:9      | Noticed a centaur warrior
 13524 | D:9      | Reached skill level 2 in Fire Magic
 13524 | D:9      | Gained mutation: You have a pair of small antennae on your
                  | head. [demonic ancestry]
 13524 | D:9      | Reached XP level 11. HP: 64/80 MP: 17/23
 13540 | D:9      | Noticed a two-headed ogre
 13549 | D:9      | Noticed Joseph
 13557 | D:9      | HP: 3/80 [centaur warrior/arrow (19)]
 13576 | D:9      | HP: 20/80 [killer bee (6)]
 13579 | D:9      | Noticed Pikel
 13583 | D:10     | Entered Level 10 of the Dungeon
 13583 | D:10     | Noticed a two-headed ogre
 13592 | D:10     | HP: 17/80 [two-headed ogre/+0 giant club (31)]
 13596 | D:10     | HP: 4/80 [howler monkey (5)]
 13603 | D:10     | Killed a two-headed ogre
 13986 | D:10     | Reached skill level 9 in Spellcasting
 13986 | D:10     | Reached skill level 3 in Fire Magic
 14006 | D:10     | Reached skill level 10 in Conjurations
 14112 | D:10     | HP: 17/81 [vampire mosquito (6)]
 14115 | D:10     | HP: 3/81 [vampire mosquito (9)]
 14116 | D:10     | Slain by a vampire mosquito

Illustrated notes

Levels and vault maps discovered:
D:1:      minmay_arrival_stair_chambers, layout_loops_ring,
          shapermc_ecumenical_altar_mp_highgroup
D:2:      cheibrodos_fertilizer, layout_basic, uniq_terence
D:3:      layout_basic, uniq_ijyb
D:4:      layout_gridville, guppyfry_early_lair_pool
D:5:      layout_loops_ring, hangedman_decor_clover_reticule, uniq_grinder,
          uniq_blork_the_orc
D:6:      layout_rooms, minmay_temple_entry_steel_oval, serial_shops, shop,
          portal_sewer_entry_f
D:7:      layout_loops_corners
D:8:      layout_basic, dpeg_lair_monsters, uniq_maurice
D:9:      layout_cave_pools, uniq_grum, uniq_pikel, uniq_joseph
D:10:     layout_roguey, mainiacjoe_overflow_alcove_4, david_orc_4,
          minmay_variable_closet, serial_park_tiny_1, minmay_fractal_squares_5,
          uniq_erolcha
Temple:   mainiacjoe_temple_hex_bubbles

Skill      XL: |  1  2  3  4  5  6  7  8  9 10 11 |
---------------+----------------------------------+-----
Conjurations   | 2 3 4 5 7 9 10 | 10.0
Summonings     | 2 3 4 5 |  5.0
Spellcasting   | 4 5 6 7 8 9 |  9.1
Air Magic      | 1 2 4 5 |  5.0
Poison Magic   | 1 3 5 |  5.0
Fighting       | 3 5 |  5.9
Fire Magic     | 2 3 |  3.5
Dodging        | |  1.7
Stealth        | |  1.7
Translocations | |  0.8

Action                   |  1- 3 |  4- 6 |  7- 9 | 10-12 || total
-------------------------+-------+-------+-------+-------++-------
Melee: Hand axe          |    17 |    21 |    53 |       ||    91
       Touch             |     1 |     5 |    27 |    25 ||    58
       Tailslap          |       |     3 |    18 |    14 ||    35
       Short sword       |       |       |    66 |   113 ||   179
       Punch             |       |       |     2 |     3 ||     5
 Cast: Magic Dart        |   107 |   133 |   350 |    59 ||   649
       Call Imp          |     7 |    14 |    15 |     3 ||    39
       Mephitic Cloud    |       |     3 |    29 |    16 ||    48
       Blink             |       |     1 |       |       ||     1
       Scorch            |       |       |       |    24 ||    24
Evoke: Wand              |       |       |    20 |    16 ||    36
  Use: Potion            |     1 |     2 |     2 |     4 ||     9
       Scroll            |       |     5 |       |     2 ||     7
 Stab: Confused          |       |       |     6 |     9 ||    15
Armor: Robe              |     4 |     7 |    67 |    27 ||   105
Dodge: Dodged            |    16 |    36 |   137 |    89 ||   278

Table legend: (Time is in decaauts)
 A = Elapsed time spent in this place.
 B = Non-inter-level travel time spent in this place.
 C = Inter-level travel time spent in this place.
 D = Time resting spent in this place.
 E = Time spent auto-exploring this place.
 F = Levels seen in this place.
 G = Mean time per level.
                   A        B        C        D        E       F      G
               +--------+--------+--------+--------+--------+-----+--------+
         Total |  14301 |  13666 |    635 |   4711 |   6679 |  12 | 1191.8 |
       Dungeon |  13242 |  12633 |    609 |   4612 |   5899 |  10 | 1324.2 |
        Temple |    218 |    192 |     26 |      0 |    189 |   1 |  218.0 |
         Sewer |    841 |    841 |      0 |     99 |    591 |   1 |  841.0 |
               +--------+--------+--------+--------+--------+-----+--------+

Top non-repeatable levels by time:
     D:7: 2014 daAuts
     D:8: 1895 daAuts
     D:2: 1803 daAuts
     D:3: 1631 daAuts
     D:1: 1376 daAuts
     D:5: 1374 daAuts
     D:4: 1235 daAuts
     D:6: 1230 daAuts
   Sewer: 841 daAuts
    D:10: 534 daAuts
  Temple: 218 daAuts
     D:9: 145 daAuts

Table legend:
 A = Kills in this place as a percentage of kills in entire the game.
 B = Kills by you in this place as a percentage of kills by you in the entire game.
 C = Kills by friends in this place as a percentage of kills by friends in the entire game.
 D = Other kills in this place as a percentage of other kills in the entire game.
 E = Experience gained in this place as a percentage of experience gained in the entire game.
 F = Experience gained in this place divided by the number of levels of this place that you have seen.
                   A       B       C       D       E      F
               +-------+-------+-------+-------+-------+----------------------
         Total | 100.0 | 100.0 | 100.0 | 100.0 | 100.0 | 1187.6
       Dungeon |  91.8 |  90.7 | 100.0 | 100.0 |  98.5 | 1404.2
         Sewer |   8.2 |   9.3 |   0.0 |   0.0 |   1.5 | 209.0
               +-------+-------+-------+-------+-------+----------------------
